 Dungeon Crawl Stone Soup version 0.32-a0-913-g739538afd8 (webtiles) character file.

Game seed: 2699086753423003804

9313 Querens the Thaumaturge (level 11, -11/54 HPs)
             Began as a Deep Elf Conjurer on Apr 9, 2024.
             Was an Elder of Vehumet.
             Killed from afar by an acid dragon (26 damage)
             ... with a splash of acid
             ... on level 10 of the Dungeon.
             The game lasted 00:36:56 (7157 turns).

Querens the Thaumaturge (Deep Elf Conjurer)         Turns: 7157, Time: 00:36:57

Health: -11/54     AC:  9    Str:  4    XL:     11   Next: 21%
Magic:  21/30      EV: 12    Int: 28    God:    Vehumet [****..]
Gold:   528        SH:  0    Dex: 20    Spells: 13/36 levels left

rFire   + . .        O - +5 spear "Ettotsui" {speed, *Corrode rF+ rC++ Dex+3}
rCold   + + .        (no shield)
rNeg    . . .        r - +2 robe of the Endless Expanse {*Slow Dex+4 Archmagi}
rPois   .            (no helmet)
rElec   .            (no cloak)
rCorr   .            C - +0 pair of gloves
SInv    .            (no boots)
Will    +....        N - amulet of the acrobat
Stlth   ++           d - +4 ring of protection
HPRegen 0.29/turn    f - +4 ring of protection
MPRegen 0.22/turn

%: corrode self (3%), slow self (1%), acrobat, archmagi
@: lethally poisoned (-11 -> -16), corroded, slowed, studying Armour, very slow
A: no striking features
a: Renounce Religion


You were on level 10 of the Dungeon.
You worshipped Vehumet.
Vehumet was greatly pleased with you.
You visited 3 branches of the dungeon, and saw 12 of its levels.
You also visited: Bailey.

You collected 608 gold pieces.
You spent 80 gold pieces at shops.

Inventory:

Hand Weapons
 O - the +5 spear "Ettotsui" (weapon) {speed, *Corrode rF+ rC++ Dex+3}
   (You found it on level 8 of the Dungeon)

   Dex+3:     It affects your dexterity (+3).
   rF+:       It protects you from fire.
   rC++:      It greatly protects you from cold.
   *Corrode:  It may corrode you when you take damage.
Missiles
 m - a throwing net
 y - 5 curare-tipped darts
Armour
 a - a +0 robe
 p - a +0 buckler
 r - the +2 robe of the Endless Expanse (worn) {*Slow Dex+4 Archmagi}
   (You found it on level 8 of the Dungeon)

   Dex+4:     It affects your dexterity (+4).
   *Slow:     It may slow you when you take damage.
   Archmagi:  It increases the power of your magical spells.
 u - a scarf of invisibility
 C - a +0 pair of gloves (worn)
 Q - a +2 robe of willpower
Magical Staves
 F - a staff of earth
Jewellery
 c - a ring of willpower
 d - a +4 ring of protection (left hand)
 f - a +4 ring of protection (right hand)
 z - a ring of protection from cold
 E - a ring of willpower
 N - an amulet of the acrobat (around neck)
Wands
 v - a wand of charming (5)
 J - a wand of mindburst (3)
 K - a wand of light (18)
 L - a wand of polymorph (7)
 R - a wand of iceblast (7)
Scrolls
 g - 3 scrolls of enchant weapon
 h - 3 scrolls of poison
 l - a scroll of torment
 n - 2 scrolls of enchant armour
 o - 3 scrolls of fear
 s - 2 scrolls of fog
 w - 5 scrolls of noise
 x - a scroll of amnesia
 A - 2 scrolls of blinking
 D - a scroll of butterflies
 H - 3 scrolls of teleportation
 M - 2 scrolls of vulnerability
 P - a scroll of immolation
 S - a scroll of revelation {unknown}
Potions
 b - a potion of magic
 e - 3 potions of heal wounds
 i - 2 potions of degeneration {unknown}
 j - 5 potions of curing
 k - 3 potions of berserk rage {unknown}
 q - a potion of attraction {unknown}
 t - a potion of mutation {unknown}
 B - a potion of enlightenment {unknown}
 G - a potion of invisibility {unknown}
 I - a potion of lignification {unknown}


   Skills:
 - Level 2.4 Dodging
 - Level 2.4 Stealth
 + Level 4.2 Shields
 + Level 13.2 Spellcasting
 + Level 11.7 Conjurations
 - Level 10.0 Translocations


You had 13 spell levels left.
You knew the following spells:

 Your Spells              Type           Power      Damage    Failure   Level
a - Magic Dart            Conj           100%       1d8       0%          1
b - Searing Ray           Conj           100%       2d8       1%          2
c - Iskenderun's Mystic   Conj/Tloc      88%        2d17      (+2d91%     4
d - Fulminant Prism       Conj/Alch      33%        3d16      1%          4
e - Fireball              Conj/Fire      33%        3d14      1%          5
f - Orb of Destruction    Conj           45%        9d12      5%          7

Your spell library contained the following spells:

 Spells                   Type           Power      Damage    Failure   Level
 Sticky Flame             Fire/Alch      27%        2d7       8%          4
 Apportation              Tloc           100%       N/A       1%          1
 Kiss of Death            Conj/Necr      100%       2d13      1%          1
 Shock                    Conj/Air       100%       1d9       1%          1
 Sting                    Conj/Alch      100%       1d9       1%          1
 Lesser Beckoning         Tloc           100%       N/A       1%          2
 Maxwell's Portable Pile  Tloc           84%        2d(13-38) 1%          3
 Teleport Other           Tloc           84%        N/A       1%          3
 Arcjolt                  Conj/Air       33%        1d43      1%          5
 Irradiate                Conj/Alch      33%        3d22      1%          5
 Necrotise                Necr           100%       1d9       3%          1
 Summon Small Mammal      Summ           100%       N/A       3%          1
 Vhi's Electric Charge    Tloc/Air       100%       N/A       3%          4
 Sublimation of Blood     Necr           27%        N/A       4%          2
 Summon Ice Beast         Ice/Summ       27%        N/A       9%          3
 Animate Dead             Necr           27%        N/A       28%         4
 Cause Fear               Hex            13%        N/A       28%         4
 Petrify                  Alch/Erth      27%        N/A       28%         4
 Summon Blazeheart Golem  Fire/Summ      27%        N/A       28%         4
 Spellforged Servitor     Conj/Summ      33%        N/A       45%         7
 Summon Mana Viper        Hex/Summ       27%        N/A       63%         5
 Plasma Beam              Fire/Air       13%        2x1d24    71%         6
 Monstrous Menagerie      Summ           13%        N/A       100%        7
 Maxwell's Capacitive Co  Air            13%        ∞         100%        8
 Dragon's Call            Summ           13%        N/A       100%        9


Dungeon Overview and Level Annotations

Branches:
Dungeon (10/15)            Temple (1/1) D:4            Lair (0/5) D:9
    Orc (1/2) D:9          Bailey (visited)

Altars:
Ashenzari
Cheibriados
Dithmenos
Elyvilon
Fedhas
Gozag
Hepliaklqana
Kikubaaqudgha
Makhleb
Nemelex Xobeh
Okawaru
Qazlal
Ru
Sif Muna
Trog
Uskayaw
Vehumet
Wu Jian
Xom
Yredelemnul
Zin
The Shining One

Shops:
D:1 *   D:3 =   D:4 (

Annotations:
D:10 Sonja


Message History

Aim: Sonja, wielding a +3 dagger of draining and quivering curare-tipped darts (6% to hit)
You throw a curare-tipped dart.
The curare-tipped dart completely misses Sonja.
The kobold brigand shouts!
The acid dragon roars!
You hear a shout!
Sonja throws a curare-tipped dart.
The curare-tipped dart closely misses you.
Sonja throws a curare-tipped dart.
The curare-tipped dart hits you.
You are poisoned.
You have difficulty breathing.
You feel yourself slow down.
Casting: Iskenderun's Mystic Blast (safe; 1% risk of failure)
Confirm with . or Enter, or press ? or * to list all spells.
Aiming: Fulminant Prism (dangerous; 1% risk of failure)
Press: ? - help, Dir - move target, p - Sonja You feel a surge of power!
You conjure a prism of explosive energy!
A fulminant prism comes into view.
You feel very sick.
Unknown command.
Casting: Fulminant Prism (dangerous; 1% risk of failure)
Confirm with . or Enter, or press ? or * to list all spells.
Aiming: Fireball (dangerous; 1% risk of failure)
Press: ? - help, Shift-Dir - straight line You feel a surge of power!
The fireball explodes!
The fireball engulfs Sonja.
Sonja is lightly wounded.
The fireball engulfs the kobold brigand!!
The kobold brigand is almost dead.
You feel very sick.
You hear a shout!
The acid dragon spits acid at you. The splash of acid hits you!!
Ouch! That really hurt!
* * * LOW HITPOINT WARNING * * *
The acid corrodes you!
Sonja mumbles some strange words.
Sonja blinks!
Your fulminant prism crackles loudly.
The acid dragon spits acid at you. The splash of acid hits you!!
You die...

#.########
#.#
#.#########
#..........
#..........
#..........
#.#########
#.#######
#@..K....
#.....K..
#...§....
#..*.....
#.......(
#.....D..
#....~...
###...~~.


You could see Sonja, an acid dragon (catching breath), a kobold brigand (ally
target) and a friendly fulminant prism.

Vanquished Creatures
  A fire crab (D:9)
  Pikel (D:9)
  An orc knight (Bailey)
  A komodo dragon (D:10)
  2 trolls (D:9)
  Sigmund (D:5)
  4 yaks (D:10)
  A steam dragon (D:8)
  4 water moccasins
  4 sky beasts
  An ice beast (D:8)
  2 black bears
  16 orc warriors
  3 ogres
  8 centaurs
  2 phantoms (D:4)
  2 lemures (D:9)
  3 kobold brigands
  3 gnoll sergeants
  3 bullfrogs
  4 scorpions
  6 wights (D:8)
  8 killer bees
  A howler monkey (D:7)
  3 bombardier beetles
  A jelly (D:8)
  2 hounds (D:5)
  8 orc priests
  5 iguanas
  12 orc wizards
  A sleepcap (D:8)
  10 gnolls
  6 adders
  5 dart slugs
  A ribbon worm (D:3)
  41 orcs
  11 ball pythons
  12 endoplasms
  5 giant cockroaches
  4 hobgoblins
  4 jackals
  16 kobolds
  5 quokkas
  5 bats
  2 frilled lizards (D:2)
  6 goblins
  4 rats
251 creatures vanquished.

Vanquished Creatures (collateral kills)
  4 orcs
4 creatures vanquished.

Vanquished Creatures (others)
  An orc warrior (D:9)
1 creature vanquished.

Grand Total: 256 creatures vanquished

Notes
Turn   | Place    | Note
-------+----------+-------------------------------------------
     0 | D:1      | Querens the Deep Elf Conjurer began the quest for the Orb.
     0 | D:1      | Reached XP level 1. HP: 10/10 MP: 6/6
    76 | D:1      | Reached XP level 2. HP: 15/15 MP: 4/8
   103 | D:1      | Learned a level 2 spell: Searing Ray
   182 | D:1      | Found Wele's Assorted Antiques.
   186 | D:1      | Bought a scroll labelled DOZUMA YHOAMA for 20 gold pieces
   186 | D:1      | Bought a scroll labelled FIAVI XIPYLO for 20 gold pieces
   387 | D:1      | Reached skill level 4 in Spellcasting
   450 | D:1      | Reached skill level 5 in Conjurations
   450 | D:1      | Reached XP level 3. HP: 15/19 MP: 10/10
   718 | D:2      | Found a faded altar of an unknown god.
   738 | D:2      | Got the Encyclopedia of the Dead Lungs
  1087 | D:1      | Bought a scroll labelled RIYKKI JINYTAJ for 20 gold pieces
  1087 | D:1      | Bought a scroll labelled WAIHISU LIUTO for 20 gold pieces
  1257 | D:3      | Found Cosud's Jewellery Shop.
  1278 | D:3      | Found an ornate altar of the Wu Jian Council.
  1278 | D:3      | Found a stormy altar of Qazlal.
  1279 | D:3      | Found a blossoming altar of Fedhas.
  1296 | D:3      | Found a glowing golden altar of the Shining One.
  1403 | D:3      | Reached XP level 4. HP: 24/24 MP: 6/12
  1434 | D:3      | Noticed a centaur
  1445 | D:3      | Killed a centaur
  1446 | D:3      | Reached skill level 5 in Spellcasting
  1446 | D:3      | Reached XP level 5. HP: 25/28 MP: 8/15
  1578 | D:4      | Found a staircase to the Ecumenical Temple.
  1600 | Temple   | Entered the Ecumenical Temple
  1668 | D:4      | Learned a level 4 spell: Iskenderun's Mystic Blast
  1673 | D:4      | Learned a level 4 spell: Fulminant Prism
  1713 | D:4      | Reached skill level 6 in Spellcasting
  1713 | D:4      | Reached skill level 1 in Translocations
  1713 | D:4      | Reached XP level 6. HP: 32/32 MP: 9/17
  2017 | D:4      | Found Ylabuymo's Antique Weapon Shoppe.
  2409 | D:4      | Reached skill level 7 in Spellcasting
  2409 | D:4      | Reached XP level 7. HP: 35/36 MP: 9/19
  2447 | D:5      | Entered Level 5 of the Dungeon
  2456 | D:5      | Noticed Sigmund
  2482 | D:5      | Killed Sigmund
  2593 | D:5      | Found a snail-covered altar of Cheibriados.
  2831 | D:5      | Found a radiant altar of Vehumet.
  2839 | D:5      | Became a worshipper of Vehumet
  2845 | D:5      | Found an ancient bone altar of Kikubaaqudgha.
  2849 | D:5      | Reached skill level 8 in Spellcasting
  2855 | D:5      | Got Kikubaaqudgha's Papyrus of the Charnel House
  2861 | D:5      | Found a shimmering blue altar of Sif Muna.
  2866 | D:5      | Reached XP level 8. HP: 38/41 MP: 7/22
  3199 | D:6      | Reached skill level 5 in Translocations
  3218 | D:6      | Reached skill level 9 in Spellcasting
  3448 | D:6      | Found an iron altar of Okawaru.
  3451 | D:6      | Reached * piety under Vehumet
  3451 | D:6      | Offered knowledge of Foxfire by Vehumet.
  3509 | D:6      | Found a bloodstained altar of Trog.
  3510 | D:6      | Found a sacrificial altar of Ru.
  3510 | D:6      | Found a broken altar of Ashenzari.
  3972 | D:7      | Found a shimmering altar of Xom.
  3998 | D:7      | Reached XP level 9. HP: 43/45 MP: 16/24
  4005 | D:7      | Reached skill level 10 in Spellcasting
  4635 | D:7      | Learned a level 5 spell: Fireball
  4714 | D:8      | Reached skill level 11 in Spellcasting
  4719 | D:8      | Reached skill level 10 in Conjurations
  4769 | D:8      | Offered knowledge of Scorch by Vehumet.
  4817 | D:8      | Found a glowing silver altar of Zin.
  4863 | D:8      | Reached ** piety under Vehumet
  4950 | D:8      | Found a flagged portal.
  4958 | D:8      | Identified the +5 spear "Ettotsui" {speed, *Corrode rF+
                  | rC++ Dex+3}
  4975 | Bailey   | Entered a bailey
  5146 | Bailey   | Reached XP level 10. HP: 49/50 MP: 18/27
  5211 | Bailey   | Reached skill level 1 in Shields
  5353 | Bailey   | Found a roughly hewn altar of Beogh.
  5353 | Bailey   | Noticed an orc knight
  5491 | Bailey   | Killed an orc knight
  5553 | Bailey   | Identified the +4 triple crossbow "Soanwio" {drain, rF+
                  | Will+}
  5610 | D:8      | Reached skill level 12 in Spellcasting
  5660 | D:8      | Identified the +2 robe of the Endless Expanse {*Slow Dex+4
                  | Archmagi}
  5938 | D:8      | Found a hazy altar of Hepliaklqana.
  6145 | D:9      | Noticed Pikel
  6155 | D:9      | Killed Pikel
  6185 | D:9      | Offered knowledge of Hailstorm by Vehumet.
  6495 | D:9      | Reached *** piety under Vehumet
  6541 | D:9      | Found a staircase to the Orcish Mines.
  6594 | D:9      | Found a staircase to the Lair.
  6671 | D:9      | Learned a level 7 spell: Orb of Destruction
  6714 | D:9      | Noticed a fire crab
  6716 | D:9      | Killed a fire crab
  6722 | Orc:1    | Entered Level 1 of the Orcish Mines
  6724 | Orc:1    | Offered knowledge of Olgreb's Toxic Radiance by Vehumet.
  6725 | Orc:1    | Reached XP level 11. HP: 54/54 MP: 19/29
  6734 | Orc:1    | Reached skill level 13 in Spellcasting
  6746 | Orc:1    | Noticed an obsidian bat
  6749 | Orc:1    | Noticed an orc knight
  6805 | D:10     | Entered Level 10 of the Dungeon
  6812 | D:10     | Reached **** piety under Vehumet
  6883 | D:10     | Reached skill level 10 in Translocations
  7031 | D:10     | Found a shadowy altar of Dithmenos.
  7044 | D:10     | Offered knowledge of Sticky Flame by Vehumet.
  7153 | D:10     | Noticed Sonja
  7157 | D:10     | Killed from afar by an acid dragon

Illustrated notes

Levels and vault maps discovered:
D:1:      onia_arrival_handbag, layout_loops_ring, serial_shops,
          nicolae_shop_rolling_square, ebering_dispersal_statue_hall,
          minmay_distorted
D:2:      minmay_spotlight, layout_rooms, shapermc_ecumenical_altar_mp_vishouse,
          uniq_crazy_yiuf_cottage
D:3:      layout_rooms, nicolae_overflow_quartered_altars, serial_shops,
          nicolae_shop_advertising_works [nicolae_subvault_shop_adworks]
D:4:      kb_forest_paths, layout_basic, minmay_temple_entry_mini_moons,
          nicolae_eternal_life, nicolae_inconvenience_store,
          hangedman_decor_push
D:5:      layout_loops_ring, palyth_temple_overflow_mages,
          mainiacjoe_overflow_tiny_flanked, uniq_sigmund
D:6:      layout_basic, chequers_temple_overflow_statue_of_worship
D:7:      layout_basic, lemuel_doored_altar
D:8:      layout_loops_ring, worldfamousw_hep_ancestral_shrine,
          old_standard_altar, enter_bailey_2, minmay_misc_feat_roman
D:9:      layout_loops_ring, minmay_lair_entry_lava,
          kennysheep_orc_monster_closet_entryway, uniq_pikel
D:10:     layout_long_grid, nicolae_dithmenos_through_a_glass_darkly,
          chequers_serial_rivers_micro_c, uniq_sonja
Temple:   nicolae_temple_superstar
Orc:1:    layout_diamond_mine, serial_shops, shop,
          regret_index_minedec_guest_junction

Skill      XL: |  1  2  3  4  5  6  7  8  9 10 11 |
---------------+----------------------------------+-----
Spellcasting   | 4 5 6 7 8 9 11 12 13 | 13.2
Conjurations   | 5 6 7 9 10 11 | 11.7
Translocations | 1 3 4 6 8 9 10 | 10.0
Shields        | 3 4 |  4.2
Dodging        | |  2.4
Stealth        | |  2.4

Action                     |  1- 3 |  4- 6 |  7- 9 | 10-12 || total
---------------------------+-------+-------+-------+-------++-------
  Melee: Hand axe          |   115 |    35 |    24 |       ||   174
         Triple sword      |       |       |    24 |       ||    24
         Spear             |       |       |       |    64 ||    64
  Throw: Dart              |       |       |       |     1 ||     1
   Cast: Magic Dart        |    29 |     1 |    10 |       ||    40
         Searing Ray       |     8 |    16 |    46 |     5 ||    75
         Iskenderun's Myst |       |       |    21 |    63 ||    84
         Fireball          |       |       |     2 |     4 ||     6
         Orb of Destructio |       |       |       |     1 ||     1
         Fulminant Prism   |       |       |       |     1 ||     1
  Evoke: Wand              |       |       |     4 |    16 ||    20
    Use: Scroll            |       |       |     1 |    12 ||    13
         Potion            |       |       |     1 |       ||     1
   Stab: Sleeping          |     4 |     2 |     1 |       ||     7
 Armour: Robe              |   115 |    34 |   119 |    51 ||   319
  Dodge: Dodged            |   120 |    26 |   108 |    80 ||   334

Table legend: (Time is in decaauts)
 A = Elapsed time spent in this place.
 B = Non-inter-level travel time spent in this place.
 C = Inter-level travel time spent in this place.
 D = Time resting spent in this place.
 E = Time spent auto-exploring this place.
 F = Levels seen in this place.
 G = Mean time per level.
                   A        B        C        D        E       F      G
               +--------+--------+--------+--------+--------+-----+--------+
         Total |   7209 |   6223 |    986 |     20 |      0 |  13 |  554.5 |
       Dungeon |   6592 |   5606 |    986 |      6 |      0 |  10 |  659.2 |
        Temple |      1 |      1 |      0 |      0 |      0 |   1 |    1.0 |
  Orcish Mines |     29 |     29 |      0 |      0 |      0 |   1 |   29.0 |
        Bailey |    584 |    584 |      0 |     14 |      0 |   1 |  584.0 |
               +--------+--------+--------+--------+--------+-----+--------+

Top non-repeatable levels by time:
     D:4: 893 daAuts
     D:6: 805 daAuts
     D:8: 779 daAuts
     D:7: 775 daAuts
     D:9: 742 daAuts
     D:5: 651 daAuts
     D:1: 647 daAuts
  Bailey: 584 daAuts
     D:2: 493 daAuts
     D:3: 454 daAuts
    D:10: 348 daAuts
   Orc:1: 29 daAuts
  Temple: 1 daAuts
